 Dungeon Crawl Stone Soup version 0.25.1-2-g60ff931df9 (webtiles) character file.

Game seed: 2670319894974735278

313 DildoBatman the Conjurer (level 6, 0/41 HPs)
             Began as a Formicid Wizard on Nov 6, 2020.
             Succumbed to an adder's poison
             ... in a sewer.
             The game lasted 00:13:10 (3760 turns).

DildoBatman the Conjurer (Formicid Wizard)          Turns: 3760, Time: 00:13:11

Health: 0/41       AC:  2    Str: 12    XL:     6   Next: 71%
Magic:  7/10       EV: 16    Int: 19    God:
Gold:   101        SH:  4    Dex:  9    Spells: 4/11 levels left

rFire    . . .     SeeInvis +   a - +0 hunting sling
rCold    . . .     Gourm    .   j - +0 buckler
rNeg     . . .     Faith    .   q - +0 robe
rPois    .         Spirit   .   (helmet unavailable)
rElec    .         Reflect  .   (no cloak)
rCorr    .         Harm     .   (no gloves)
MR       .....                  (no boots)
Stlth    ++........             o - amulet of the acrobat
HPRegen  0.13/turn              m - ring of wizardry
MPRegen  0.12/turn              t - +4 ring of evasion

@: mighty, brilliant, lethally poisoned (0 -> -5)
A: permanent stasis, dig shafts and tunnels, four strong arms, antennae 3
a: Dig, Shaft Self


You were in a sewer.
You were not hungry.

You visited 1 branch of the dungeon, and saw 3 of its levels.
You also visited: Sewer.

You collected 101 gold pieces.

Inventory:

Hand Weapons
 a - a +0 hunting sling (weapon)
Missiles
 d - 31 sling bullets
 h - 24 stones (quivered)
 i - 7 javelins
 r - a throwing net
 s - 24 bolts
Armour
 j - a +0 buckler (worn)
 q - a +0 robe (worn)
Jewellery
 m - a ring of wizardry (left hand)
 o - an amulet of the acrobat (around neck)
 t - a +4 ring of evasion (right hand)
Scrolls
 g - 2 scrolls of immolation {unknown}
 p - a scroll of fog {unknown}
 u - 2 scrolls of teleportation
 w - 2 scrolls of magic mapping {unknown}
 x - 3 scrolls of remove curse
 z - 3 scrolls of identify
Potions
 c - a potion of might
 e - 2 potions of brilliance
 f - a potion of lignification {unknown}
 k - a potion of berserk rage
 l - a potion of stabbing {unknown}
 n - a potion of magic {unknown}
Comestibles
 v - 3 rations


   Skills:
 - Level 1.7 Dodging
 - Level 2.4 Stealth
 - Level 2.4 Shields
 - Level 3.2 Spellcasting
 * Level 4.4 Conjurations
   Level 1.0 Summonings
   Level 0.8 Translocations
 - Level 1.0 Fire Magic
 * Level 1.4 Air Magic
 * Level 2.3 Poison Magic


You had 4 spell levels left.
You knew the following spells:

 Your Spells              Type           Power        Failure   Level  Hunger
a - Conjure Flame         Conj/Fire      ###.....     6%          3    None
c - Magic Dart            Conj           ####         1%          1    None
e - Mephitic Cloud        Conj/Pois/Air  ###.....     6%          3    None

Your spell library contained the following spells:

 Spells                   Type           Power        Failure   Level  Hunger
 Call Imp                 Summ           ##......     6%          2    None
 Slow                     Hex            #.......     9%          2    None
 Blink                    Tloc           Unusable     N/A         2    N/A

Dungeon Overview and Level Annotations

Branches:
Dungeon (3/15)              Sewer (1/1)

Altars:
Cheibriados

Annotations:
D:2 Natasha
D:3 Terence


Innate Abilities, Weirdness & Mutations

You cannot be hasted, slowed, berserked, paralysed or teleported.
You can dig through walls and to a lower floor.
Your four strong arms can wield two-handed weapons with a shield.
You have a pair of large antennae on your head. (SInv)


Message History

Casting: Magic Dart (safe; 1% risk of failure)
Confirm with . or Enter, or press ? or * to list all spells.
Aiming: Magic Dart (safe; 1% risk of failure)
Press: ? - help, Shift-Dir - straight line, f - adder
Aim: an adder (moderately wounded)
The magic dart hits the adder.
The adder is heavily wounded.
You feel sick. The adder misses you. The adder bites you.
It was a potion of brilliance.
You feel clever all of a sudden.
You feel sick. The adder barely misses you.
It was a potion of berserk rage.
Your stasis prevents you from going berserk.
You block the adder's attack.
It was a potion of might.
You feel very mighty all of a sudden.
You die...

#(≈((≈≈#.## #≈≈≈≈≈≈#
# #≈≈≈≈r≈##.##
#≈≈≈≈≈≈# #
#≈≈≈r≈≈###.###≈≈≈≈≈≈#
#
#≈≈≈≈≈≈####.##≈≈≈≈≈≈#
#
#≈≈≈≈≈≈(####.#≈≈≈≈≈≈#
#
#≈...≈≈#.##.##≈≈≈≈≈≈#
#
#≈≈...≈#(#.###.≈#≈≈≈#
# #≈≈≈.≈≈##S##
#÷≈≈≈≈≈# #
#≈≈≈≈≈≈###@###≈≈≈≈≈≈#
#
#≈≈≈≈≈≈####.##≈≈≈≈≈≈#
#
#≈≈≈≈{≈.####.#≈≈≈≈≈≈#
#
#≈≈r≈≈≈#.####.≈≈≈≈≈≈#
#
#≈≈≈≈≈≈##.##.#≈≈≈≈≈≈#
#
#≈≈≈≈≈≈###..##≈≈≈≈≈≈#
#
#≈≈≈≈≈≈#####.#≈≈≈≈≈≈#
#
#..≈≈.###...##.÷≈.≈##
#
#......##..###.÷....#
#


You could see an adder and a rat.

Vanquished Creatures
  3 gnolls (D:2)
  10 adders
  8 river rats (Sewer)
  3 oozes
  A worm (D:2)
  4 dart slugs
  2 leopard geckos (D:1)
  An orc (D:2)
  6 ball pythons
  11 giant cockroaches
  9 goblins
  9 hobgoblins
  7 jackals
  5 kobolds
  7 bats
  9 frilled lizards
  20 rats
115 creatures vanquished.

Notes
Turn   | Place    | Note
-------+----------+-------------------------------------------
     0 | D:1      | DildoBatman the Formicid Wizard began the quest for the
                  | Orb.
     0 | D:1      | Reached XP level 1. HP: 13/13 MP: 4/4
    22 | D:1      | Reached skill level 1 in Conjurations
   326 | D:1      | Reached XP level 2. HP: 19/19 MP: 0/6
   478 | D:1      | Reached skill level 2 in Conjurations
   677 | D:1      | Reached XP level 3. HP: 24/24 MP: 2/7
   735 | D:1      | Learned a level 3 spell: Conjure Flame
   739 | D:1      | Learned a level 3 spell: Mephitic Cloud
  1275 | D:2      | Reached skill level 3 in Conjurations
  1308 | D:2      | Reached skill level 1 in Shields
  1396 | D:2      | Reached XP level 4. HP: 16/30 MP: 2/8
  1696 | D:2      | Noticed Natasha
  1953 | D:2      | Found a snail-covered altar of Cheibriados.
  2266 | D:2      | Reached XP level 5. HP: 35/35 MP: 3/9
  2775 | D:3      | Reached skill level 4 in Conjurations
  2992 | D:3      | Reached skill level 1 in Poison Magic
  3000 | D:3      | Reached XP level 6. HP: 19/41 MP: 0/10
  3108 | D:3      | Noticed Terence
  3140 | D:3      | Found a glowing drain.
  3151 | Sewer    | Entered a sewer
  3270 | Sewer    | Reached skill level 1 in Fire Magic
  3355 | Sewer    | Reached skill level 1 in Air Magic
  3757 | Sewer    | HP: 2/41 [adder (4)]
  3760 | Sewer    | Succumbed to an adder's poison

Illustrated notes

Levels and vault maps discovered:
D:1:      mrwooster_arrival_statue_3, layout_rooms,
          chequers_serial_rivers_micro_d, minmay_tall_x
D:2:      layout_basic, nicolae_overflow_hidden_temple, uniq_natasha
D:3:      layout_basic, cheibrodos_sewer_entry_bend, uniq_terence
Sewer:    sewer_minmay_w

Skill      XL: |  1  2  3  4  5  6 |
---------------+-------------------+-----
Conjurations   | 1 2 3 4 |  4.4
Shields        | 1 2 |  2.4
Poison Magic   | 1 2 |  2.3
Fire Magic     | 1 |  1.0
Air Magic      | 1 |  1.4
Dodging        | |  1.7
Stealth        | |  2.4
Spellcasting   | |  3.2
Summonings     | |  1.0
Translocations | |  0.8

Action                   |  1- 3 |  4- 6 || total
-------------------------+-------+-------++-------
Melee: Club              |     3 |       ||     3
       Short sword       |    15 |     4 ||    19
 Fire: Hunting sling     |       |   188 ||   188
Throw: Javelin           |       |     7 ||     7
 Cast: Magic Dart        |    96 |   148 ||   244
       Mephitic Cloud    |       |     1 ||     1
       Conjure Flame     |       |     1 ||     1
 Abil: Dig               |       |    10 ||    10
  Use: Scroll            |       |     2 ||     2
       Potion            |       |     3 ||     3
  Eat: Chunk             |     1 |    11 ||    12
Armor: Robe              |    13 |    12 ||    25
Dodge: Dodged            |    31 |    99 ||   130
Block: Buckler           |       |    24 ||    24
